 Dungeon Crawl Stone Soup version 0.18-a0-943-g2c08dd4 (webtiles) character file.

2118 Yawgmoth the Geomancer (level 9, -5/56 HPs)
             Began as a Gargoyle Earth Elementalist on Dec 28, 2015.
             Was a Follower of Vehumet.
             Slain by Joseph
             ... wielding a +4 quarterstaff
              (6 damage)
             ... on level 7 of the Dungeon.
             The game lasted 00:36:49 (8404 turns).

Yawgmoth the Geomancer (GrEE)                       Turns: 8404, Time: 00:36:49

Health: -5/56      AC: 11    Str: 10    XL:     9   Next: 29%
Magic:  8/18       EV: 11    Int: 18    God:    Vehumet [*.....]
Gold:   234        SH:  0    Dex: 10    Spells: 4 memorised, 9 levels left

rFire  . . .     SeeInvis .     b - 71 stones
rCold  . . .     Gourm    .     E - +0 leather armour
rNeg   + . .     Faith    .     (no shield)
rPois  ∞         Spirit   .     t - +0 helmet
rElec  +         Dismiss  .     (no cloak)
rCorr  .         Reflect  .     (no gloves)
SustAt .         Harm     .     F - +1 pair of boots
MR     +....                    (no amulet)
Stlth  ++........               X - -3 ring of strength (curse)
                                s - ring of protection from magic

@: somewhat resistant to hostile enchantments, unstealthy
A: negative energy resistance 1, electricity resistance, unbreathing,
petrification resistance, rot immunity, AC +5
a: Renounce Religion


You were on level 7 of the Dungeon.
You worshipped Vehumet.
Vehumet was aware of your devotion.
You were hungry.

You visited 1 branch of the dungeon, and saw 7 of its levels.

You collected 234 gold pieces.

Inventory:

Hand Weapons
 h - a +1 hand crossbow
 G - the +3 quarterstaff "Yseav" {drain, +Blink rPois rF- Dex+2}
   (You found it on level 5 of the Dungeon)

   A truly terrible weapon, it drains the life of those it strikes.
   It affects your dexterity (+2).
   It makes you vulnerable to fire.
   It protects you from poison.
   It lets you blink.
Missiles
 b - 71 stones (in hand)
 l - 19 arrows of flame
 p - 15 bolts
 w - 61 arrows
 A - 19 sling bullets
 B - 2 javelins
 L - a throwing net
 M - 17 poisoned needles
 P - 18 tomahawks
Armour
 a - a +0 robe
 t - a +0 helmet (worn)
 E - a +0 leather armour (worn)
 F - a +1 pair of boots (worn)
Jewellery
 r - an uncursed amulet of harm
 s - a ring of protection from magic (left hand)
 W - an uncursed ring of stealth
 X - a cursed -3 ring of strength (right hand)
Wands
 y - a wand of draining (7/15)
 J - a wand of fire (8/15)
 K - a wand of random effects (26/48)
 R - a wand of disintegration (9/24)
Scrolls
 e - 2 scrolls of teleportation
 g - 9 scrolls of identify
 j - 4 scrolls of fear
 k - a scroll of magic mapping
 q - 2 scrolls of amnesia
 z - 3 scrolls of remove curse
Potions
 f - a potion of mutation {unknown}
 m - 3 potions of lignification {unknown}
 n - 2 potions of brilliance {unknown}
 u - a potion of curing
 v - a potion of cure mutation {unknown}
 x - 2 potions of degeneration {unknown}
 C - 3 potions of resistance {unknown}
 D - a potion of berserk rage {unknown}
 H - 3 potions of agility {unknown}
 I - 2 potions of flight {unknown}
 N - 2 potions of poison {unknown}
 Q - a potion of haste {unknown}
 S - a potion of heal wounds
Books
 c - a book of Geomancy

   Spells                             Type                      Level
   a - Sandblast                      Earth                        1
   b - Stoneskin                      Transmutation/Earth          2
   c - Passwall                       Transmutation/Earth          3
   d - Stone Arrow                    Conjuration/Earth            3
   e - Petrify                        Transmutation/Earth          4
   f - Lee's Rapid Deconstruction     Earth                        5
Comestibles
 d - 5 bread rations
 i - 4 fruits
 o - 3 meat rations
 Y - a beef jerky


   Skills:
 + Level 6.9 Fighting
 + Level 3.6 Staves
 - Level 1.9 Dodging
 - Level 2.3 Stealth
 + Level 6.0 Spellcasting
 - Level 0.7 Transmutations
 + Level 8.9 Earth Magic


You had 9 spell levels left.
You knew the following spells:

 Your Spells              Type           Power        Failure   Level  Hunger
a - Sandblast             Erth           #####.       1%          1    None
b - Stone Arrow           Conj/Erth      ###...       12%         3    ##.....
c - Lee's Rapid Deconstr  Erth           #####.....   14%         5    #####..
d - Stoneskin             Trmt/Erth      ###.....     4%          2    None


Dungeon Overview and Level Annotations

Branches:
Dungeon (7/15)             Temple (0/1) D:5

Altars:
Sif Muna
Trog
Vehumet
Yredelemnul

Shops:
D:6 }

Annotations:
D:7 Joseph; braks's ghost, novice DsFi


Innate Abilities, Weirdness & Mutations

You are resistant to torment.
Your stone body is resilient (AC +5).
You are immune to poison.
You resist negative energy.
You are resistant to electric shocks.
You can survive without breathing.
You are immune to petrification.
You are immune to rotting.


Message History

Unknown command.
Casting: Sandblast
Confirm with . or Enter, or press ? or * to list all spells.
Aiming: Stone Arrow
Press: ? - help, Shift-Dir - straight line, f/p - Joseph
Aim: Joseph, wielding an enchanted quarterstaff and wearing a runed leather armour (heavily wounded, lightly drained)
The stone arrow hits Joseph.
Joseph is severely wounded.
You are feeling hungry.
Joseph hits you with an uncursed enchanted quarterstaff.
* * * LOW HITPOINT WARNING * * *
Casting: Stone Arrow
Confirm with . or Enter, or press ? or * to list all spells.
Aiming: Stone Arrow
Press: ? - help, Shift-Dir - straight line, f/p - Joseph
Aim: Joseph, wielding an enchanted quarterstaff and wearing a runed leather armour (severely wounded, lightly drained)
The stone arrow hits Joseph.
Joseph is almost dead.
Joseph hits you with an uncursed enchanted quarterstaff.
You die...

#.). #.###
#.o.########...#
###...(.....##...#
............a#...#####.
.........§((...........
.........####.#..#####
###....### ##.).#
#..... ###@# #...## #@#
#... #.######### #...
#.##......# ..
#.##.####.# ### .#
#.##..###.# .. .##
#..>....#.#####.#
.####..#
####.##[..<.....#
.##...#
######.####.#######
....#.# ##...##......#


You could see Joseph.

Vanquished Creatures
  Duvessa (D:5)
  A black bear (D:6)
  A phantom (D:5)
  2 ogres
  3 giant frogs (D:6)
  Blork the orc (D:4)
  Dowan (D:5)
  A water moccasin skeleton (D:4)
  2 scorpions
  4 wights (D:4)
  2 crimson imps
  A giant frog zombie (D:6)
  2 hounds
  2 orc priests (D:5)
  A jelly (D:6)
  11 worker ants
  3 iguanas
  4 orc wizards
  A hound zombie (D:5)
  A hound skeleton (D:5)
  A worker ant zombie (D:5)
  Robin (D:2)
  4 gnolls (D:5)
  3 adders
  2 shadow imps
  3 oozes
  An adder skeleton (D:5)
  2 worms
  28 orcs
  7 bats
  2 gnoll zombies (D:2)
  15 goblins
  11 hobgoblins
  7 jackals
  A quokka (D:4)
  5 ball pythons
  5 giant cockroaches
  4 giant geckos
  10 giant newts
  9 kobolds
  A quokka skeleton (D:6)
  A quokka zombie (D:6)
  7 rats
175 creatures vanquished.

Notes
Turn   | Place    | Note
--------------------------------------------------------------
     0 | D:1      | Yawgmoth the Gargoyle Earth Elementalist began the quest for the Orb.
     0 | D:1      | Reached XP level 1. HP: 10/10 MP: 3/3
   276 | D:1      | Reached XP level 2. HP: 15/15 MP: 5/5
   549 | D:1      | Reached skill level 4 in Earth Magic
  1258 | D:1      | Reached XP level 3. HP: 18/20 MP: 6/6
  1475 | D:2      | Reached skill level 1 in Fighting
  1893 | D:2      | Reached XP level 4. HP: 24/26 MP: 1/7
  2066 | D:2      | Found a basalt altar of Yredelemnul.
  2521 | D:2      | Noticed Robin
  2683 | D:2      | Killed Robin
  3186 | D:3      | Reached skill level 5 in Earth Magic
  3186 | D:3      | Reached XP level 5. HP: 14/31 MP: 2/9
  4002 | D:4      | Found a deep blue altar of Sif Muna.
  4367 | D:4      | Noticed an ogre
  4374 | D:4      | Killed an ogre
  4374 | D:4      | Reached XP level 6. HP: 34/37 MP: 6/11
  4628 | D:4      | Reached skill level 6 in Earth Magic
  4647 | D:4      | Reached XP level 7. HP: 28/43 MP: 2/13
  4765 | D:4      | Noticed Blork the orc
  4775 | D:4      | Killed Blork the orc
  4800 | D:4      | Found a radiant altar of Vehumet.
  4811 | D:4      | Became a worshipper of Vehumet
  5135 | D:5      | Entered Level 5 of the Dungeon
  5135 | D:5      | Found a staircase to the Ecumenical Temple.
  5184 | D:5      | Noticed Duvessa
  5184 | D:5      | Noticed Dowan
  5200 | D:5      | Killed Duvessa
  5200 | D:5      | Reached skill level 5 in Fighting
  5200 | D:5      | Reached skill level 7 in Earth Magic
  5210 | D:5      | Killed Dowan
  5210 | D:5      | Reached XP level 8. HP: 18/49 MP: 11/15
  5449 | D:5      | Got a translucent quarterstaff
  5450 | D:5      | Identified the +3 quarterstaff "Yseav" {drain, +Blink rPois rF- Dex+2} (You found it on level 5 of the Dungeon)
  5630 | D:5      | Found a bloodstained altar of Trog.
  5697 | D:5      | Reached skill level 5 in Spellcasting
  5913 | D:5      | Reached skill level 1 in Staves
  6048 | D:5      | Reached * piety under Vehumet
  6048 | D:5      | Offered knowledge of Magic Dart by Vehumet.
  6492 | D:5      | Reached skill level 8 in Earth Magic
  6616 | D:5      | Learned a level 3 spell: Stone Arrow
  6622 | D:5      | Learned a level 5 spell: Lee's Rapid Deconstruction
  6922 | D:5      | Learned a level 2 spell: Stoneskin
  7355 | D:6      | Found Ysaby's Gadget Shop.
  7736 | D:6      | Reached XP level 9. HP: 51/56 MP: 17/17
  8079 | D:7      | Noticed braks's ghost (novice DsFi)
  8382 | D:7      | Noticed Joseph
  8389 | D:7      | Offered knowledge of Shock by Vehumet.
  8403 | D:7      | HP: 1/56 [Joseph/uncursed enchanted quarterstaff (6)]
  8404 | D:7      | Slain by Joseph

Vault maps used:
D:1:      scummos_arrival_hexagon, glass_columns_a
D:2:      lemuel_zombie_altar_yredelemnul, first_bread,
          minmay_misc_feat_encased, uniq_robin
D:4:      vehumet_crystals, nicolae_overflow_hidden_temple, uniq_blork_the_orc
D:5:      minmay_temple_entry_grid, trog_three_pillars_becter, uniq_duvessa
D:6:      serial_shops, shop_fountains, corner_web_ring,
          hangedman_decor_peaks_small
D:7:      fedhas_altar_2, gammafunk_temple_overflow_pools, uniq_joseph,
          uniq_pikel

Action                   |  1- 3 |  4- 6 |  7- 9 || total
-------------------------+-------+-------+-------++-------
Melee: Spear             |   134 |   111 |       ||   245
       Short sword       |    14 |       |       ||    14
       Quarterstaff      |       |       |   241 ||   241
 Fire: Hand crossbow     |       |    24 |    40 ||    64
Throw: Stone             |       |     1 |       ||     1
 Cast: Sandblast         |    12 |   106 |    31 ||   149
       Stone Arrow       |       |       |     2 ||     2
       Lee's Rapid Decon |       |       |     1 ||     1
  Use: Scroll            |       |     6 |     4 ||    10
       Potion            |       |     1 |       ||     1
 Stab: Sleeping          |     3 |     1 |     3 ||     7
  Eat: Chunk             |     4 |     5 |    11 ||    20
       Bread ration      |       |     1 |       ||     1
       Pizza             |       |       |     1 ||     1
